 Dungeon Crawl Stone Soup version 0.27.1-33-g824d729ab1 (webtiles) character file.

Game seed: 9367836174970530710

168 barney the Changer (level 5, -3/36 HPs)
             Began as a Draconian Transmuter on Dec 20, 2021.
             Was an Initiate of Cheibriados.
             Slain by a hornet zombie (11 damage)
             ... on level 7 of the Dungeon.
             The game lasted 00:04:01 (4653 turns).

barney the Changer (Draconian Transmuter)           Turns: 4653, Time: 00:04:01

Health: -3/36      AC:  2    Str: 20    XL:     5   Next: 23%
Magic:  6/8        EV: 19    Int: 15    God:    Cheibriados [......]
Gold:   147        SH:  0    Dex: 17    Spells: 2/8 levels left

rFire    . . .     SeeInvis .     - Unarmed
rCold    . . .     Faith    .   (shield currently unavailable)
rNeg     . . .     Spirit   .   (armour unavailable)
rPois    x         Reflect  .   (helmet currently unavailable)
rElec    .         Harm     .   (cloak currently unavailable)
rCorr    .         Rampage  .   (gloves currently unavailable)
Will     .....     Rnd*Rage +   (boots currently unavailable)
Stlth    ++........             (no amulet)
HPRegen  0.12/turn              j - +6 ring of strength
MPRegen  0.11/turn              (no ring)

@: spider-form (expiring), slow
A: venomous fangs, AC +5, tiny, unfitting armour, (cold-blooded), berserk 1,
frail 1
a: End Transformation, Renounce Religion, Bend Time


You were on level 7 of the Dungeon.
You worshipped Cheibriados.
Cheibriados was noncommittal.
You were a venomous arachnid creature.
You visited 1 branch of the dungeon, and saw 5 of its levels.

You collected 147 gold pieces.

Inventory:

Hand Weapons
 e - a +0 short sword
Armour
 p - a +1 pair of gloves (melded)
Magical Staves
 c - a staff of death
 m - a staff of air
Jewellery
 j - a +6 ring of strength (left front leg)
Wands
 o - a wand of mindburst (13)
Scrolls
 a - a scroll of magic mapping
 b - a scroll of fear
 f - a scroll of immolation
 h - 2 scrolls of identify
 k - 3 scrolls of teleportation
Potions
 d - a potion of berserk rage
 n - 2 potions of ambrosia
 q - 2 potions of might {unknown}


   Skills:
 - Level 1.1 Fighting
 - Level 1.7 Dodging
 - Level 3.0 Unarmed Combat
 - Level 2.0 Spellcasting
 + Level 5.5 Transmutations


You had 2 spell levels left.
You knew the following spells:

 Your Spells              Type           Power      Damage    Failure   Level
a - Beastly Appendage     Tmut           36%        N/A       9%          1
b - Spider Form           Tmut/Pois      4%         N/A       43%         3
c - Wereblood             Tmut           18%        N/A       12%         2

Your spell library contained the following spells:

 Spells                   Type           Power      Damage    Failure   Level
 Animate Skeleton         Necr           2%         N/A       43%         1
 Pain                     Necr           4%         1d4       43%         1
 Vampiric Draining        Necr           0%         2d6       75%         3
 Ice Form                 Ice/Tmut       9%         N/A       77%         4


Dungeon Overview and Level Annotations

Branches:
Dungeon (4/15)
 Temple: D:4-7

Altars:
Cheibriados
Gozag
Uskayaw
Xom


Innate Abilities, Weirdness & Mutations

You are a venomous arachnid creature.
You have poisonous fangs.
You are tiny and dextrous.
Your spellcasting is less reliable in this form.
Your armour is entirely melded.
You are incapable of wielding weapons or throwing items.
((Your plain brown scales are hard. (AC +5)))
You cannot fit into any form of body armour.
((You are cold-blooded and may be slowed by cold attacks.))
You tend to lose your temper in combat.
You are frail. (-10% HP)


Message History

The hornet zombie barely misses you.
You barely miss the hornet zombie. You tail-slap the hornet zombie.
The hornet zombie is lightly damaged.
The hornet zombie closely misses you. The hornet zombie hits you.
The hornet zombie hits you!
Casting: Spider Form (quite dangerous; 22% risk of failure)
Confirm with . or Enter, or press ? or * to list all spells.
The spell is quite dangerous to cast (22% risk of failure)!
Continue anyway?
You turn into a venomous arachnid creature.
Your +1 pair of gloves melds into your body.
The hornet zombie misses you. The hornet zombie closely misses you.
Unknown command.
You bite the hornet zombie!
The hornet zombie is lightly damaged.
The hornet zombie hits you.
You bite the hornet zombie!
The hornet zombie is moderately damaged.
The hornet zombie misses you.
You hit the hornet zombie.
The hornet zombie is heavily damaged.
The hornet zombie completely misses you.
The hornet zombie hits you!
You hit the hornet zombie.
The hornet zombie is heavily damaged.
The hornet zombie barely misses you.
You bite the hornet zombie!
The hornet zombie is severely damaged.
The hornet zombie hits you!
* * * LOW HITPOINT WARNING * * *
You hit the hornet zombie.
The hornet zombie is severely damaged.
Your transformation is almost over.
The hornet zombie misses you.
You barely miss the hornet zombie.
The hornet zombie is severely damaged.
The hornet zombie barely misses you.
You hit the hornet zombie.
The hornet zombie is almost destroyed.
The hornet zombie misses you. The hornet zombie hits you!
You die...

******* ###***,,*
*****,,*, #.# *****
*,*** #.#**,**
*******,***
#.#♣,*,***,,,,,,,,,,
#.#.,*,,**,*********
#.#.♣♣*,**,*,,,,,,,*
#.#..♣,,**,*,*****,*
#.#♣Z♣,***,*,**,,*,*
#.#s.#,,**,*,**,,*,*
#...#.#,,,,*,**++*,*
#.#..#..**,*,**,,,,*
#.#♣.♣.♣#*,*,*******
#.#,.♣,.**,*,*******
#.#,♣♣*.#*,*,,,,,,,,
#####.#,,*,,#*,*********
#...#.#*,*,***,,,,,,,,,,
##...#.#**,**
*******,***


You could see a hornet zombie.

Vanquished Creatures
  A hound (D:7)
  4 adders
  A gnoll (D:1)
  An ufetubus (D:3)
  A worm (D:3)
  5 dart slugs
  An orc (D:3)
  4 bats
  5 endoplasms
  2 giant cockroaches (D:1)
  6 goblins
  4 hobgoblins
  5 jackals
  2 quokkas
  5 ball pythons
  5 frilled lizards
  12 kobolds
  10 rats
74 creatures vanquished.

Notes
Turn   | Place    | Note
-------+----------+-------------------------------------------
     0 | D:1      | barney the Draconian Transmuter began the quest for the
                  | Orb.
     0 | D:1      | Reached XP level 1. HP: 16/16 MP: 3/3
    79 | D:1      | Found a faded altar of an unknown god.
   357 | D:1      | Reached XP level 2. HP: 12/23 MP: 3/5
   365 | D:1      | Reached skill level 3 in Transmutations
   776 | D:1      | Reached XP level 3. HP: 21/28 MP: 6/6
   780 | D:1      | Learned a level 3 spell: Spider Form
   783 | D:1      | Learned a level 2 spell: Wereblood
  1548 | D:2      | Reached skill level 4 in Transmutations
  1751 | D:2      | Reached XP level 4. HP: 15/35 MP: 3/7
  3022 | D:3      | Found an opulent altar of Gozag.
  3191 | D:3      | Found a shimmering altar of Xom.
  3193 | D:3      | Reached skill level 5 in Transmutations
  3254 | D:3      | Found a hide-covered altar of Uskayaw.
  3287 | D:3      | Found a snail-covered altar of Cheibriados.
  3658 | D:3      | Became a worshipper of Cheibriados the Contemplative
  4296 | D:4      | You fall into a shaft and drop 3 floors!
  4320 | D:7      | Gained mutation: You are frail. (-10% HP) [potion of
                  | mutation]
  4320 | D:7      | Gained mutation: You tend to lose your temper in combat.
                  | [potion of mutation]
  4464 | D:7      | Reached XP level 5. HP: 36/36 MP: 4/8
  4653 | D:7      | Slain by a hornet zombie

Illustrated notes

Levels and vault maps discovered:
D:1:      minmay_arrival_wavy_path, layout_basic, ebering_ecumenical_altar_box,
          minmay_hexomino_c4
D:2:      layout_basic, lemuel_another_geyser
D:3:      layout_loops_cross, mainiacjoe_overflow_surrounded_room,
          mainiacjoe_overflow_alcove_1, nicolae_gozag_seed_capital,
          old_standard_altar, kennysheep_generic_room_6
D:4:      layout_basic, nrook_loot_triangle
D:7:      nzn_winding_woodlands_cross [nzn_winding_woodlands_5x15_sawtooth,
          nzn_winding_woodlands_5x15_twine,
          nzn_winding_woodlands_5x15_concentric,
          nzn_winding_woodlands_5x15_jagged,
          nzn_winding_woodlands_15x15_boxy_spiral], layout_gridville

Skill      XL: |  1  2  3  4 |
---------------+-------------+-----
Transmutations | 3 4 5 |  5.5
Fighting       | |  1.1
Dodging        | |  1.7
Unarmed Combat | |  3.0
Spellcasting   | |  2.0

Action                   |  1- 3 |  4- 6 || total
-------------------------+-------+-------++-------
Melee: Unarmed           |   132 |    97 ||   229
       Tailslap          |     7 |     9 ||    16
       Kick              |     7 |     8 ||    15
       Headbutt          |     2 |     1 ||     3
       Punch             |     1 |     2 ||     3
 Cast: Beastly Appendage |     9 |     8 ||    17
       Spider Form       |     6 |     8 ||    14
  Use: Potion            |     2 |     1 ||     3
       Scroll            |       |     7 ||     7
 Stab: Sleeping          |     1 |     1 ||     2
Armor: Skin              |    26 |    31 ||    57
Dodge: Dodged            |    87 |    85 ||   172
